Map: Ruins of Seras

Players

iaguz

  • Race: Terran Terran

Petraeus - Winner!

  • Race: Zerg Zerg
  • League: Grandmaster

Event: 2016 WCS Winter Challenger Oceania SEA

VOD

Have the link to the VOD?

Description

Time

  • Played on: Feb. 13, 2016, 9:11 p.m.
  • Length: 18:14

All games in this series

Show
View Real Time Build Order
Export as new Build Order

iaguz Terran 

Build Orders: Liberator Opening, Bio Tank 

Get SALT Encoding   

  12  0:00  SCV  
  13  0:13  SCV  
  14  0:17  Supply Depot  
  14  0:25  SCV  
  15  0:39  Barracks, SCV  
  16  0:51  SCV  
  17  1:03  SCV  
  18  1:15  SCV  
  19  1:19  Command Center  
  19  1:28  Orbital Command  
  19  1:31  Marine  
  20  1:36  Refinery  
  20  1:43  Refinery  
  20  1:49  Marine  
  20  1:54  SCV  
  22  1:56  Supply Depot  
  22  2:06  SCV  
  23  2:17  Marine  
  23  2:18  SCV  
  25  2:23  Factory  
  25  2:28  Bunker  
  25  2:34  Orbital Command  
  25  2:37  SCV  
  25  2:39  Barracks Reactor  
  26  2:49  SCV  
  27  2:59  SCV  
  27  3:02  SCV  
  29  3:09  Starport  
  29  3:11  SCV  
  30  3:14  SCV  
  30  3:19  Hellion x2  
  35  3:23  SCV  
  35  3:24  Barracks Tech Lab  
  35  3:26  SCV  
  37  3:30  Liberator  
  37  3:35  SCV  
  37  3:38  Supply Depot, SCV  
  37  3:39  Supply Depot  
  37  3:41  Hellion x2  
  46  3:59  SCV x2  
  46  4:02  Command Center  
  48  4:06  Hellion  
  50  4:11  Hellion  
  50  4:12  SCV  
  50  4:14  Liberator, SCV  
  54  4:24  SCV, Marine  
  55  4:26  Supply Depot  
  55  4:28  SCV  
  57  4:35  Stimpack  
  60  4:39  Factory Tech Lab, SCV  
  60  4:40  SCV  
  62  4:47  Marine  
  62  4:49  Supply Depot  
  62  4:51  Barracks  
  63  4:54  SCV, Barracks  
  63  4:55  SCV  
  63  5:05  Siege Tank, Marine  
  63  5:06  SCV  
  68  5:07  SCV  
  69  5:14  Refinery  
  69  5:15  Refinery, Engineering Bay  
  69  5:16  Orbital Command  
  69  5:18  SCV  
  70  5:25  Starport Reactor, Marine  
  70  5:28  SCV  
  70  5:30  SCV  
  71  5:38  Siege Tank  
  71  5:39  Orbital Command  
  71  5:40  SCV  
  70  5:42  SCV  
  70  5:46  Terran Infantry Weapons Level 1, Engineering Bay  
  68  5:52  SCV, Marine x2  
  68  5:56  Barracks Reactor  
  72  5:57  SCV  
  72  5:59  Barracks  
  72  6:02  Barracks  
  73  6:04  SCV  
  73  6:06  SCV  
  73  6:09  SCV  
  75  6:12  Marine x3  
  75  6:13  Medivac x2  
  75  6:16  SCV  
  75  6:18  SCV  
  87  6:19  Supply Depot  
  87  6:21  SCV  
  87  6:22  Supply Depot  
  85  6:26  Widow Mine  
  85  6:28  SCV  
  85  6:30  SCV, Terran Infantry Armor Level 1, Marine  
  84  6:33  Missile Turret, SCV  
  84  6:35  Missile Turret  
  84  6:36  Missile Turret  
  84  6:37  Missile Turret, Marine x4  
  84  6:39  Missile Turret  
  89  6:42  SCV  
  89  6:43  Supply Depot, SCV  
  89  6:45  Medivac  
  93  6:49  Barracks Reactor x2, Combat Shields  
  93  6:54  SCV  
  93  6:55  SCV x2  
  93  6:57  Marine x4  
  100  7:03  Siege Tank  
  100  7:06  SCV  
  100  7:07  SCV  
  105  7:12  Medivac, Marine  
  105  7:15  Refinery x2  
  107  7:28  SCV x3  
  107  7:29  Marine x6  
  111  7:30  Refinery, Medivac  
  111  7:31  Refinery  
  111  7:36  Armory  
  113  7:37  Marine x3  
  113  7:41  Factory, Supply Depot  
  113  7:42  Supply Depot  
  113  7:44  Supply Depot x2  
  116  7:52  Marine  
  117  8:01  Siege Tank, Marine x5  
  117  8:03  Marine x2  
  117  8:04  Marine  
  128  8:06  Medivac x2  
  128  8:09  Marine  
  131  8:18  Marine x2  
  131  8:19  Supply Depot, Command Center, Barracks x2  
  133  8:22  Barracks, Marine x2  
  133  8:23  Supply Depot, Marauder  
  133  8:24  Supply Depot  
  137  8:30  Marine x2  
  137  8:31  Marine x2  
  137  8:34  Factory Tech Lab  
  141  8:36  Marine  
  141  8:38  Siege Tank  
  141  8:39  Medivac  
  147  8:43  Supply Depot, Marine  
  147  8:44  Marauder  
  150  8:56  Marine x7  
  150  9:02  Siege Tank, Medivac  
  162  9:06  Marauder  
  164  9:14  Marine x6  
  164  9:15  Barracks Tech Lab  
  164  9:16  Barracks Reactor, Barracks Tech Lab  
  169  9:25  Marine x2  
  169  9:28  Terran Infantry Weapons Level 2, Terran Infantry Armor Level 2  
  166  9:37  Marine x2  
  170  9:44  Siege Tank  
  171  9:45  Siege Tank, Medivac  
  171  9:46  Medivac  
  171  9:52  Marauder, Missile Turret x2, Marine x3  
  180  9:54  Marauder, Marine x2  
  180  9:55  Marine  
  185  10:02  Marine x4  
  185  10:03  Marauder  
  191  10:10  Marine x2  
  193  10:15  Medivac  
  193  10:19  Marauder, Marine x3  
  196  10:35  Marauder, Marine x7  
  190  10:48  Marauder, Marine x4  
  176  10:53  Marine x2  
  176  10:54  Marine  
  176  10:55  Marine x2  
  176  10:56  Planetary Fortress  
  176  10:57  Marauder  
  170  11:04  Marine x2  
  170  11:05  Siege Tank x2, Medivac x2  
  170  11:06  Marauder, Marine x3  
  177  11:20  Marauder, Marine x6  
  177  11:22  Marine  
  177  11:25  Marine  
  185  11:27  Marine x3  
  185  11:28  Marauder  
  191  11:37  Marine  
  191  11:38  Marine x4  
  191  11:39  Marauder, Marine  
  191  11:41  Marauder  
  191  12:05  Thor x2  
  197  12:12  Terran Infantry Weapons Level 3, Ghost Academy, Terran Infantry Armor Level 3  
  197  12:14  Terran Vehicle Weapons Level 1  
  197  12:15  Command Center  
  196  12:43  Ghost  
  196  12:44  Ghost  
  188  13:14  Ghost x2  
  191  13:23  Marine x2  
  191  13:24  Marauder  
  191  13:26  Marine x3  
  188  13:27  Marine x2  
  188  13:28  Marine x3  
  160  13:41  Marine x2  
  155  13:42  Siege Tank x2, Medivac x2  
  155  13:43  Marauder, Marine  
  155  13:44  Marauder, Ghost, Marine x2  
  155  13:45  Marine x2  
  155  13:46  Marine x2  
  164  13:54  Marine  
  160  13:59  Marine x2  
  160  14:01  Marine x2  
  160  14:02  Marine x2  
  133  14:03  Marine  
  133  14:04  Ghost, Marine x2  
  133  14:05  Marauder  
  135  14:12  Marine  
  135  14:14  Marauder  
  135  14:16  Medivac x2, Orbital Command  
  142  14:21  Marine  
  136  14:26  Marauder  
  136  14:29  Marine  
  139  14:33  Ghost  
  139  14:34  Ghost  
  143  14:47  Ghost, Medivac x2  
  149  15:05  Ghost  
  151  15:08  Planetary Fortress  
  151  15:09  Missile Turret  
  151  15:14  Siege Tank  
  151  15:15  Siege Tank  
  154  15:34  Marine  
  154  15:35  Marauder  
  157  15:38  SCV x3  
  158  15:46  Marauder x2, Marine x6  
  158  15:49  Siege Tank  
  168  15:50  SCV  
  168  15:56  Marauder  
  171  16:20  Missile Turret  
  155  16:38  Marauder, Marine x3  
  141  16:40  Marine x2  
  141  16:41  Marauder  
  141  16:42  Marine x4  
  141  16:44  Marine  
  141  16:45  Marauder  
  129  16:51  Viking x2  
  110  16:56  Marine x3  
  110  16:58  Marine x2  
  110  16:59  Marine  
  110  17:00  Marine x4  
  116  17:02  Marine x2  
  116  17:06  Thor, Marine  
  122  17:09  Thor  
  122  17:13  Marine  
  122  17:14  Marine x2  
  131  17:16  Marine x2  
  131  17:17  Marine  
  131  17:18  Marine x4  
  131  17:19  Marine  
  131  17:20  Marine  
  139  17:23  Marine  
  126  17:31  Marine x3  
  126  17:34  Marine x2  
  126  17:35  Marine  
  126  17:36  Marine x4  
  118  17:37  Marine  
  118  17:38  Marine  
  118  17:41  Marine  
  106  17:49  Marine x3  
  113  17:52  Marine  
Show
View Real Time Build Order
Export as new Build Order

Petraeus Zerg - Winner!

Build Orders: Hatch First 

Get SALT Encoding   

  12  0:00  Drone  
  13  0:08  Drone  
  14  0:17  Overlord  
  14  0:21  Extractor  
  14  0:23  Drone  
  15  0:35  Drone  
  15  0:36  Drone  
  17  0:53  Hatchery  
  17  0:56  Drone  
  17  1:00  Drone  
  18  1:10  Extractor  
  17  1:14  Spawning Pool  
  17  1:18  Drone  
  17  1:21  Drone  
  18  1:26  Drone  
  19  1:37  Overlord  
  19  1:48  Drone  
  20  2:01  Queen  
  20  2:02  Zergling x2  
  20  2:05  Queen  
  20  2:06  Zergling x2  
  26  2:09  Metabolic Boost  
  26  2:12  Drone  
  28  2:15  Drone  
  28  2:21  Drone  
  29  2:26  Drone  
  30  2:31  Drone  
  31  2:40  Hatchery  
  31  2:43  Drone  
  31  2:45  Drone  
  32  2:51  Queen  
  32  2:56  Overlord  
  34  2:59  Drone  
  34  3:01  Drone  
  35  3:15  Drone x2  
  35  3:16  Drone x2  
  35  3:17  Overlord  
  35  3:18  Drone x2  
  42  3:20  Drone  
  42  3:28  Drone  
  43  3:35  Queen  
  43  3:36  Extractor  
  43  3:38  Lair, Extractor  
  43  3:39  Drone x2  
  45  3:44  Drone  
  45  3:45  Drone x2  
  48  3:48  Overlord  
  48  3:50  Drone  
  48  3:54  Zergling x4  
  51  3:57  Zergling x2  
  51  4:00  Zergling x2  
  51  4:01  Drone x2  
  55  4:03  Drone  
  55  4:08  Drone  
  57  4:11  Extractor  
  57  4:13  Queen  
  57  4:16  Drone x2  
  60  4:21  Drone  
  60  4:22  Drone x2  
  63  4:26  Zergling x4  
  63  4:33  Spine Crawler  
  63  4:34  Drone  
  63  4:35  Drone x2  
  65  4:40  Spire  
  65  4:41  Drone  
  65  4:42  Overlord  
  65  4:44  Zergling x2  
  66  4:58  Spore Crawler  
  66  4:59  Overlord x2, Drone  
  66  5:03  Drone  
  66  5:04  Drone x3  
  66  5:06  Overlord  
  69  5:15  Drone x3  
  69  5:16  Overlord  
  69  5:18  Zergling x4  
  74  5:23  Drone  
  74  5:24  Drone  
  76  5:34  Spore Crawler  
  70  5:38  Drone x2  
  70  5:39  Drone x2  
  70  5:40  Spore Crawler  
  71  5:43  Drone x2  
  71  5:44  Drone  
  71  5:45  Spore Crawler  
  73  5:55  Mutalisk x3  
  73  5:56  Mutalisk  
  78  6:04  Mutalisk x2  
  78  6:05  Mutalisk  
  78  6:09  Mutalisk  
  83  6:17  Mutalisk  
  83  6:18  Mutalisk  
  84  6:25  Overlord, Drone x2  
  87  6:26  Drone x3  
  87  6:29  Drone x2  
  87  6:31  Drone  
  94  6:37  Drone  
  95  6:40  Drone x2  
  95  6:42  Drone  
  98  6:47  Extractor  
  98  6:48  Drone x3, Extractor  
  98  6:52  Drone x2, Roach Warren  
  98  6:53  Evolution Chamber  
  99  6:56  Evolution Chamber  
  99  7:00  Drone x2  
  100  7:02  Zerg Flyer Weapons Level 1  
  100  7:03  Infestation Pit  
  100  7:05  Drone x3  
  100  7:06  Drone  
  102  7:08  Zergling x4  
  102  7:09  Zergling x2  
  105  7:18  Drone x2  
  105  7:27  Hatchery, Drone  
  105  7:28  Drone  
  104  7:31  Zerg Ground Armor Level 1, Zerg Missile Weapons Level 1  
  104  7:32  Glial Reconstitution  
  104  7:36  Roach x4  
  112  7:43  Overlord x3  
  112  7:47  Hive  
  112  7:51  Spine Crawler  
  111  7:57  Overlord x3  
  111  7:58  Roach  
  111  8:03  Roach x5  
  123  8:06  Roach x2  
  116  8:14  Drone  
  116  8:17  Drone x3  
  116  8:19  Drone x2  
  123  8:20  Drone x2  
  123  8:24  Ravager  
  123  8:25  Ravager x8  
  123  8:27  Drone x2  
  135  8:33  Zergling x2  
  135  8:34  Zergling x2  
  137  8:41  Extractor x2, Roach x7  
  138  8:44  Zergling x2  
  138  8:47  Zergling x6  
  153  9:02  Adrenal Glands  
  153  9:04  Ultralisk Cavern  
  153  9:05  Overlord x2  
  153  9:06  Overlord  
  153  9:09  Zergling x2  
  154  9:10  Zergling x12  
  154  9:15  Roach  
  154  9:16  Roach x4  
  166  9:23  Overlord, Queen  
  166  9:24  Overlord  
  163  9:32  Zerg Melee Weapons Level 1, Zerg Ground Armor Level 2  
  161  9:45  Zergling x12  
  156  9:52  Ultralisk x3  
  179  9:53  Zergling x14  
  179  9:57  Chitinous Plating  
  186  10:02  Zergling x2  
  186  10:04  Zerg Flyer Weapons Level 2  
  186  10:06  Drone  
  186  10:07  Drone  
  189  10:08  Spine Crawler  
  189  10:10  Spine Crawler  
  185  10:14  Ultralisk  
  185  10:15  Zergling x6  
  185  10:19  Zergling x10  
  199  10:22  Overseer  
  187  10:45  Ultralisk x2  
  187  10:46  Zergling x12  
  192  10:52  Overlord x2  
  192  10:59  Spine Crawler  
  192  11:00  Spine Crawler  
  192  11:04  Queen  
  186  11:08  Burrow  
  182  11:12  Corruptor x2  
  182  11:13  Corruptor x3  
  182  11:15  Corruptor  
  194  11:24  Hatchery  
  191  11:34  Drone x3  
  191  11:35  Drone x3  
  191  11:39  Queen  
  198  11:53  Zergling x4  
  200  11:54  Pneumatized Carapace, Overseer  
  200  11:57  Spire, Pathogen Glands  
  200  12:00  Spine Crawler  
  198  12:01  Spine Crawler  
  198  12:02  Spine Crawler  
  198  12:04  Spore Crawler  
  198  12:08  Hatchery  
  193  12:13  Drone x2  
  195  12:16  Spine Crawler  
  195  12:18  Spine Crawler  
  192  12:26  Infestor x3  
  198  12:32  Zergling x2  
  199  12:46  Spine Crawler  
  199  12:47  Spine Crawler, Greater Spire  
  199  12:49  Spine Crawler  
  196  12:55  Infestor  
  198  13:04  Ultralisk x2  
  198  13:05  Zergling x2  
  200  13:10  Overseer  
  198  13:15  Zerg Flyer Armor Level 1  
  198  13:16  Queen  
  176  13:35  Ultralisk x3, Zergling x10  
  176  13:40  Overlord  
  176  13:41  Overlord  
  192  13:43  Zergling x6  
  192  13:44  Zergling x4  
  196  13:50  Overlord  
  193  13:58  Queen  
  167  14:05  Ultralisk x3, Zergling x2  
  167  14:06  Zergling x14  
  180  14:12  Infestor  
  180  14:18  Brood Lord  
  178  14:27  Brood Lord  
  178  14:28  Brood Lord x2  
  178  14:37  Brood Lord  
  178  14:49  Hatchery  
  178  14:51  Roach  
  178  14:52  Spine Crawler  
  176  14:53  Drone  
  176  14:54  Spine Crawler  
  176  14:55  Spine Crawler  
  176  14:59  Infestor x2  
  179  15:07  Roach  
  179  15:14  Corruptor x2  
  179  15:15  Corruptor  
  179  15:19  Roach  
  179  15:20  Corruptor  
  185  15:29  Zergling x16  
  193  15:35  Corruptor  
  193  15:36  Corruptor  
  196  15:54  Corruptor  
  198  16:04  Zergling x4  
  200  16:10  Evolution Chamber  
  199  16:11  Evolution Chamber  
  196  16:22  Extractor  
  174  16:42  Zergling x22  
  174  16:43  Zergling x8  
  159  16:49  Ultralisk  
  159  16:50  Ultralisk x3, Zergling x2  
  159  16:51  Zergling x14  
  179  17:01  Zergling x8  
  183  17:04  Brood Lord  
  185  17:09  Zergling x8  
  189  17:17  Queen  
  191  17:26  Ultralisk, Zergling x2  
  191  17:27  Zergling x8  
  183  17:32  Hatchery  
  165  17:38  Corruptor x2  
  165  17:39  Zergling x6  
  165  17:40  Zergling x2  
  165  17:42  Extractor  
  165  17:45  Zergling x8  
Tags
 
Add a new tag
Caveats
  • Supply blocks, unpowered buildings, or Contaminate may cause inaccurate times.
  • Supply counts are checked every 10 seconds.